 Dungeon Crawl Stone Soup version 0.19-a0-1341-g3513869 (webtiles) character file.

24 Kidiri the Magician (level 2, 0/15 HPs)
             Began as a Deep Elf Fire Elementalist on Sept 1, 2016.
             Slain by a rat (1 damage)
             ... on level 1 of the Dungeon.
             The game lasted 00:02:19 (699 turns).

Kidiri the Magician (Deep Elf Fire Elementalist)     Turns: 699, Time: 00:02:20

Health: 0/15       AC:  2    Str:  5    XL:     2   Next: 79%
Magic:  1/9        EV: 13    Int: 19    God:
Gold:   6          SH:  0    Dex: 15    Spells: 2 memorised, 6 levels left

rFire  . . .     SeeInvis .     e - +0 dagger (freeze)
rCold  . . .     Gourm    .     a - +0 robe
rNeg   . . .     Faith    .     (no shield)
rPois  .         Spirit   .     (no helmet)
rElec  .         Dismiss  .     (no cloak)
rCorr  .         Reflect  .     (no gloves)
MR     .....     Harm     .     (no boots)
Stlth  +.........               (no amulet)
                                (no ring)
                                h - ring of loudness (curse)

@: very slightly contaminated
A: no striking features
a: no special abilities


You were on level 1 of the Dungeon.
You were not hungry.

You visited 1 branch of the dungeon, and saw 1 of its levels.

You collected 6 gold pieces.

Inventory:

Hand Weapons
 e - a +0 dagger of freezing (weapon)
Armour
 a - a +0 robe (worn)
Jewellery
 h - a cursed ring of loudness (left hand)
Scrolls
 g - 2 scrolls of identify {unknown}
 j - a scroll of random uselessness {unknown}
Potions
 f - a potion of brilliance {unknown}
Books
 b - a book of Flames

   Spells                             Type                      Level
   a - Flame Tongue                   Conjuration/Fire             1
   b - Throw Flame                    Conjuration/Fire             2
   c - Conjure Flame                  Conjuration/Fire             3
   d - Inner Flame                    Hexes/Fire                   3
   e - Sticky Flame                   Conjuration/Fire             4
   f - Fireball                       Conjuration/Fire             5
Comestibles
 c - 2 bread rations
 i - 2 royal jellies


   Skills:
 - Level 2.4 Dodging
 - Level 2.4 Stealth
 * Level 4.0 Spellcasting
 + Level 1.8 Conjurations
 + Level 3.5 Fire Magic


You had 6 spell levels left.
You knew the following spells:

 Your Spells              Type           Power        Failure   Level  Hunger
a - Flame Tongue          Conj/Fire      ##...        6%          1    None
b - Throw Flame           Conj/Fire      ##....       10%         2    ##.....


Dungeon Overview and Level Annotations

Branches:
Dungeon (1/15)

Altars:


Message History

You see here a club.
Unknown command.
The giant cockroach closely misses you. The giant cockroach barely misses you.
There is an open door here.
Casting: Flame Tongue
Confirm with . or Enter, or press ? or * to list all spells.
Aiming: Flame Tongue
Press: ? - help, Shift-Dir - straight line, f - giant cockroach
Aim: a giant cockroach (clinging)
The flame tongue hits the giant cockroach.
You kill the giant cockroach!
Your Spellcasting skill increases to level 4!
You enter the shallow water.
Moving in this stuff is going to be slow.
The rat bites you.
* * * LOW HITPOINT WARNING * * *
Unknown command.
The rat bites you.
You die...

...####...............##...#
...........................#
...........####'####.......#
>.##..#....#≈≈≈≈≈≈≈#..>....#
#..........#≈#≈<≈#≈#.......#
######.....#≈#≈###≈#.......#
####.......#≈≈≈≈≈≈##.......#
...)(.....(#######≈#..%#...#
##...#.....'..#≈@r##...#...#
##...)..#..#.##≈##≈#...#####
####.......#....##.#(..# #
#........#######'#(###
###.........##.#....######
..#........................
#.##.........#.............
.................#w........
..........................(


You could see a rat.

Vanquished Creatures
  A giant gecko (D:1)
  2 bats (D:1)
  A giant cockroach (D:1)
  4 goblins (D:1)
  3 hobgoblins (D:1)
  2 jackals (D:1)
  3 kobolds (D:1)
  3 rats (D:1)
19 creatures vanquished.

Notes
Turn   | Place    | Note
-------+----------+-------------------------------------------
     0 | D:1      | Kidiri the Deep Elf Fire Elementalist began the quest for the Orb.
     0 | D:1      | Reached XP level 1. HP: 10/10 MP: 6/6
    82 | D:1      | Reached XP level 2. HP: 8/15 MP: 2/8
    86 | D:1      | Learned a level 2 spell: Throw Flame
   696 | D:1      | Reached skill level 4 in Spellcasting
   699 | D:1      | Slain by a rat

Vault maps used:
D:1:      ncdulo_wetmaze

Skill      XL: |  1  2 |
---------------+-------+-----
Spellcasting   | 4 |  4.0
Dodging        | |  2.4
Stealth        | |  2.4
Conjurations   | |  1.8
Fire Magic     | |  3.5

Action                   || total
-------------------------++-------
Melee: Dagger            ||    21
 Cast: Flame Tongue      ||    27
       Throw Flame       ||     2
Armor: Robe              ||     2
Dodge: Dodged            ||    25
